TOP OF THE 1ST |
Fresno Grizzlies batting - Pitching for Omaha Storm Chasers : LHP Walter Whiteman
|
Pitching: LHP Walter Whiteman
|
|
Batting: LHB Bob Myers
|
0-0: Called Strike 0-1: Called Strike 0-2: Ground out 1-3 (Groundball, 13S, EV 65.0 MPH)
|
Batting: LHB Chris Cabrera
|
0-0: Called Strike 0-1: Ball 1-1: Ball 2-1: Ground out 5-3 (Groundball, 56, EV 101.9 MPH)
|
Batting: LHB Mike Davis
|
0-0: Called Strike 0-1: Fly out, F9 (Flyball, 89S, EV 91.9 MPH)
|
Top of the 1st over - 0 runs, 0 hits, 0 errors, 0 left on base; Fresno 0 - Omaha 0 |
BOTTOM OF THE 1ST |
Omaha Storm Chasers batting - Pitching for Fresno Grizzlies : RHP Shane Walker
|
Pitching: RHP Shane Walker
|
|
Batting: RHB Matt Belgard
|
0-0: Ball 1-0: Ground out 4-3 (Groundball, 4M, EV 109.4 MPH)
|
Batting: RHB Nick Ogle
|
0-0: Ball 1-0: Called Strike 1-1: Fly out, F9 (Flyball, 89XD, EV 91.2 MPH)
|
Batting: LHB Roman Downey
|
0-0: Called Strike 0-1: Ball 1-1: DOUBLE (Line Drive, 89D, EV 103.1 MPH)
|
Batting: RHB Muneer Maudad
|
0-0: Called Strike 0-1: Ball 1-1: Foul Ball, location: 2F 1-2: Ground out 6-3 (Groundball, 6, EV 83.8 MPH)
|
Bottom of the 1st over - 0 runs, 1 hit, 0 errors, 1 left on base; Fresno 0 - Omaha 0 |
TOP OF THE 2ND |
Fresno Grizzlies batting - Pitching for Omaha Storm Chasers : LHP Walter Whiteman
|
Batting: SHB Nate Kopchak
|
0-0: SOLO HOME RUN (Flyball, 9D, EV 95.0 MPH), Distance : 356 ft
|
Batting: LHB Doug Anderson
|
0-0: Ball 1-0: Foul Ball, location: 2F 1-1: Called Strike 1-2: Ball 2-2: Foul Ball, location: 2F 2-2: Fly out, F6 (Popup, 6MS, EV 75.6 MPH)
|
Batting: LHB Daniel Lopez
|
0-0: Foul Ball, location: 2F 0-1: Swinging Strike 0-2: Strikes out swinging
|
Batting: RHB Raul Sanchez
|
0-0: Fly out, F8 (Flyball, 8LS, EV 95.6 MPH)
|
Top of the 2nd over - 1 run, 1 hit, 0 errors, 0 left on base; Fresno 1 - Omaha 0 |
BOTTOM OF THE 2ND |
Omaha Storm Chasers batting - Pitching for Fresno Grizzlies : RHP Shane Walker
|
Batting: RHB Bob Najar
|
0-0: Called Strike 0-1: Foul Ball, location: 2F 0-2: Foul Ball, location: 2F 0-2: Fly out, F8 (Flyball, 8LS, EV 89.4 MPH)
|
Batting: LHB Pete Hansel
|
0-0: SINGLE (Groundball, 6S, EV 74.4 MPH) (infield hit)
|
Batting: RHB Walt Cogswell
|
0-0: Ball 1-0: SINGLE (Groundball, 6MD, EV 107.5 MPH) (infield hit) Pete Hansel to second
|
Batting: LHB Jim Beaver
|
0-0: Ball 1-0: SINGLE (Line Drive, 78S, EV 110.0 MPH) Pete Hansel to third Walt Cogswell to second Runner from 3rd tries for Home, SAFE, throw by LF to home
|
Batting: RHB Joeri Plas
|
0-0: Swinging Strike 0-1: Foul Ball, location: 2F 0-2: Grounds into double play, 5-4-3 (Groundball, 5, EV 96.9 MPH)
|
Bottom of the 2nd over - 1 run, 3 hits, 0 errors, 1 left on base; Fresno 1 - Omaha 1 |
TOP OF THE 3RD |
Fresno Grizzlies batting - Pitching for Omaha Storm Chasers : LHP Walter Whiteman
|
Batting: LHB Alex Alicea
|
0-0: Ball 1-0: Ball 2-0: Ground out 4-3 (Groundball, 4, EV 101.9 MPH)
|
Batting: LHB Vinny Siebecker
|
0-0: Called Strike 0-1: Ball 1-1: Ball 2-1: Ground out 6-3 (Groundball, 6S, EV 75.6 MPH)
|
Batting: LHB Bob Myers
|
0-0: Called Strike 0-1: SINGLE (Flyball, 4D, EV 93.1 MPH)
|
Batting: LHB Chris Cabrera
|
0-0: Ground out U3 (Groundball, 3L, EV 88.8 MPH)
|
Top of the 3rd over - 0 runs, 1 hit, 0 errors, 1 left on base; Fresno 1 - Omaha 1 |
BOTTOM OF THE 3RD |
Omaha Storm Chasers batting - Pitching for Fresno Grizzlies : RHP Shane Walker
|
Batting: RHB Matt Belgard
|
0-0: Ball 1-0: Ball 2-0: Ball 3-0: Called Strike 3-1: Base on Balls
|
Batting: RHB Nick Ogle
|
0-0: Foul Ball, location: 2F 0-1: Called Strike 0-2: Foul Ball, location: 2F 0-2: Foul Ball, location: 2F 0-2: Ball 1-2: Fly out, F8 (Flyball, 89M, EV 89.4 MPH)
|
Batting: LHB Roman Downey
|
0-0: Called Strike 0-1: Foul Ball, location: 2F 0-2: Ball 1-2: Ball Matt Belgard is caught stealing 2nd base 2-6 2-2: Ground out 6-3 (Groundball, 4M, EV 90.0 MPH)
|
Bottom of the 3rd over - 0 runs, 0 hits, 0 errors, 0 left on base; Fresno 1 - Omaha 1 |
TOP OF THE 4TH |
Fresno Grizzlies batting - Pitching for Omaha Storm Chasers : LHP Walter Whiteman
|
Batting: LHB Mike Davis
|
0-0: Ball 1-0: Ball 2-0: Swinging Strike 2-1: Foul Ball, location: 2F 2-2: Ball 3-2: Foul Ball, location: 2F 3-2: Foul Ball, location: 2F 3-2: Strikes out looking
|
Batting: SHB Nate Kopchak
|
0-0: Swinging Strike 0-1: Fly out, F3 (Popup, 3D, EV 63.1 MPH)
|
Batting: LHB Doug Anderson
|
0-0: Fly out, F8 (Flyball, 8LXD, EV 88.1 MPH)
|
Top of the 4th over - 0 runs, 0 hits, 0 errors, 0 left on base; Fresno 1 - Omaha 1 |
BOTTOM OF THE 4TH |
Omaha Storm Chasers batting - Pitching for Fresno Grizzlies : RHP Shane Walker
|
Batting: RHB Muneer Maudad
|
0-0: Ball 1-0: DOUBLE (Flyball, 89D, EV 103.8 MPH)
|
Batting: RHB Bob Najar
|
0-0: Ball 1-0: Foul Ball, location: 2F 1-1: Ball 2-1: Ball 3-1: DOUBLE (Line Drive, 7LM, EV 108.1 MPH) Muneer Maudad scores
|
Batting: LHB Pete Hansel
|
0-0: Ground out 5-3 (Groundball, 56S, EV 68.8 MPH) Bob Najar to third
|
Batting: RHB Walt Cogswell
|
0-0: Foul Ball, location: 2F 0-1: Ball 1-1: Ball 2-1: SINGLE (Groundball, 6S, EV 75.6 MPH) (infield hit) Bob Najar scores
|
Batting: LHB Jim Beaver
|
0-0: Called Strike 0-1: Swinging Strike 0-2: Ball 1-2: Fielders Choice at 2nd, 4-6 (Groundball, 34, EV 104.4 MPH)
|
Batting: RHB Joeri Plas
|
0-0: Ball 1-0: Foul Ball, location: 2F 1-1: Foul Ball, location: 2F 1-2: SINGLE (Line Drive, 3D, EV 99.4 MPH) Jim Beaver to second Runner from 2nd tries for 3rd, SAFE, throw by RF made to third
|
Batting: RHB Matt Belgard
|
0-0: Called Strike 0-1: Fielders Choice at 2nd, 6-4 (Groundball, 56, EV 88.8 MPH)
|
Bottom of the 4th over - 2 runs, 4 hits, 0 errors, 2 left on base; Fresno 1 - Omaha 3 |
TOP OF THE 5TH |
Fresno Grizzlies batting - Pitching for Omaha Storm Chasers : LHP Walter Whiteman
|
Batting: LHB Daniel Lopez
|
0-0: Called Strike 0-1: Ball 1-1: Ball 2-1: Fly out, F7 (Flyball, 7, EV 88.8 MPH)
|
Batting: RHB Raul Sanchez
|
0-0: Called Strike 0-1: Foul Ball, location: 2F 0-2: Ball 1-2: Foul Ball, location: 2F 1-2: Ball 2-2: Ground out 1-3 (Groundball, 15S, EV 65.6 MPH)
|
Batting: LHB Alex Alicea
|
0-0: Ball 1-0: Ball 2-0: Ground out 4-3 (Groundball, 4, EV 102.5 MPH)
|
Top of the 5th over - 0 runs, 0 hits, 0 errors, 0 left on base; Fresno 1 - Omaha 3 |
BOTTOM OF THE 5TH |
Omaha Storm Chasers batting - Pitching for Fresno Grizzlies : RHP Shane Walker
|
Batting: RHB Nick Ogle
|
0-0: Ball 1-0: Called Strike 1-1: Ball 2-1: Ball 3-1: Base on Balls
|
Batting: LHB Roman Downey
|
0-0: SINGLE (Line Drive, 8RS, EV 102.5 MPH) Nick Ogle to second
|
Batting: RHB Muneer Maudad
|
0-0: Ball 1-0: Grounds into double play, U4-3 (Groundball, 6MD, EV 100.0 MPH) Nick Ogle to third
|
Batting: RHB Bob Najar
|
0-0: Called Strike 0-1: Ball 1-1: Ball 2-1: Foul Ball, location: 2F 2-2: Ball 3-2: SINGLE (Groundball, 5S, EV 60.6 MPH) (infield hit) Nick Ogle scores
|
Batting: LHB Pete Hansel
|
0-0: Called Strike Bob Najar steals 2nd base (no throw) 0-1: Ball 1-1: Ball 2-1: Fly out, F9 (Flyball, 9, EV 93.1 MPH)
|
Bottom of the 5th over - 1 run, 2 hits, 0 errors, 1 left on base; Fresno 1 - Omaha 4 |
TOP OF THE 6TH |
Fresno Grizzlies batting - Pitching for Omaha Storm Chasers : LHP Walter Whiteman
|
Batting: LHB Vinny Siebecker
|
0-0: Ball 1-0: Foul Ball, location: 2F 1-1: Ball 2-1: Ground out 4-3 (Groundball, 4, EV 80.6 MPH)
|
Batting: LHB Bob Myers
|
0-0: Called Strike 0-1: Ball 1-1: Fly out, F7 (Flyball, 7LS, EV 93.1 MPH)
|
Batting: LHB Chris Cabrera
|
0-0: Ball 1-0: Foul Ball, location: 2F 1-1: Ball 2-1: Fly out, F8 (Flyball, 8LS, EV 85.0 MPH)
|
Top of the 6th over - 0 runs, 0 hits, 0 errors, 0 left on base; Fresno 1 - Omaha 4 |
BOTTOM OF THE 6TH |
Omaha Storm Chasers batting - Pitching for Fresno Grizzlies : RHP Shane Walker
|
Batting: RHB Walt Cogswell
|
0-0: Ground out U3 (Groundball, 34S, EV 90.6 MPH)
|
Batting: LHB Jim Beaver
|
0-0: Called Strike 0-1: Ball 1-1: Ball 2-1: Called Strike 2-2: Ball 3-2: Fly out, F7 (Flyball, 78XD, EV 98.8 MPH)
|
Batting: RHB Joeri Plas
|
0-0: Ball 1-0: Ball 2-0: Called Strike 2-1: Ball 3-1: Fly out, F9 (Flyball, 9LM, EV 108.8 MPH)
|
Bottom of the 6th over - 0 runs, 0 hits, 0 errors, 0 left on base; Fresno 1 - Omaha 4 |
TOP OF THE 7TH |
Fresno Grizzlies batting - Pitching for Omaha Storm Chasers : LHP Walter Whiteman
|
Batting: LHB Mike Davis
|
0-0: Fly out, F8 (Flyball, 8RM, EV 75.0 MPH)
|
Batting: SHB Nate Kopchak
|
0-0: Swinging Strike 0-1: Ball 1-1: Called Strike 1-2: Ground out 4-3 (Groundball, 4, EV 90.0 MPH)
|
Batting: LHB Doug Anderson
|
0-0: Called Strike 0-1: Ball 1-1: Foul Ball, location: 2F 1-2: Ground out 4-3 (Groundball, 34, EV 88.1 MPH)
|
Top of the 7th over - 0 runs, 0 hits, 0 errors, 0 left on base; Fresno 1 - Omaha 4 |
BOTTOM OF THE 7TH |
Omaha Storm Chasers batting - Pitching for Fresno Grizzlies : RHP Shane Walker
|
Batting: RHB Matt Belgard
|
0-0: Called Strike 0-1: Foul Ball, location: 2F 0-2: Ball 1-2: Ball 2-2: Fly out, F8 (Flyball, 8RS, EV 92.5 MPH)
|
Batting: RHB Nick Ogle
|
0-0: Ball 1-0: Called Strike 1-1: Ground out U3 (Groundball, 3, EV 84.4 MPH)
|
Batting: LHB Roman Downey
|
0-0: Swinging Strike 0-1: Swinging Strike 0-2: Strikes out swinging
|
Bottom of the 7th over - 0 runs, 0 hits, 0 errors, 0 left on base; Fresno 1 - Omaha 4 |
TOP OF THE 8TH |
Fresno Grizzlies batting - Pitching for Omaha Storm Chasers : LHP Walter Whiteman
|
Batting: LHB Daniel Lopez
|
0-0: SINGLE (Groundball, 6MD, EV 98.8 MPH)
|
Batting: RHB Raul Sanchez
|
0-0: Called Strike 0-1: Ball 1-1: Called Strike 1-2: Grounds into double play, 3-6-3 (Groundball, 3S, EV 91.2 MPH)
|
Batting: LHB Alex Alicea
|
0-0: Called Strike 0-1: Foul Ball, location: 2F 0-2: Ball 1-2: Ball 2-2: Ground out 5-3 (Groundball, 6, EV 88.1 MPH)
|
Top of the 8th over - 0 runs, 1 hit, 0 errors, 0 left on base; Fresno 1 - Omaha 4 |
BOTTOM OF THE 8TH |
Omaha Storm Chasers batting - Pitching for Fresno Grizzlies : RHP Shane Walker
|
Pitching: RHP Gerardo Huerta
|
|
Batting: RHB Muneer Maudad
|
0-0: Ball 1-0: Called Strike 1-1: Swinging Strike 1-2: Foul Ball, location: 2F 1-2: Foul Ball, location: 2F 1-2: Ball 2-2: Ground out 4-3 (Groundball, 6MD, EV 84.4 MPH)
|
Batting: RHB Bob Najar
|
0-0: Called Strike 0-1: Foul Ball, location: 2F 0-2: Foul Ball, location: 2F 0-2: Ball 1-2: SINGLE (Flyball, 34D, EV 90.0 MPH)
|
Batting: LHB Pete Hansel
|
0-0: Ball 1-0: Ball 2-0: Called Strike 2-1: Reached on error, E5 (Groundball, 5L, EV 105.6 MPH) Bob Najar to second
|
Batting: RHB Walt Cogswell
|
0-0: Called Strike 0-1: Foul Ball, location: 2F 0-2: Ball Wild Pitch! Bob Najar to third Pete Hansel to second 1-2: Fly out, F8 (Flyball, 8RD, EV 93.8 MPH) Runner from 3rd tags up, SCORES, throw by CF Pete Hansel to third
|
Batting: LHB Jim Beaver
|
0-0: SINGLE (Line Drive, 78S, EV 88.8 MPH) Pete Hansel scores
|
Batting: RHB Joeri Plas
|
0-0: SINGLE (Line Drive, 89S, EV 98.1 MPH) Jim Beaver to second Runner from 2nd tries for 3rd, SAFE, throw by RF made to third
|
Batting: RHB Matt Belgard
|
0-0: Ball 1-0: Swinging Strike 1-1: Ball 2-1: Fly out, F8 (Flyball, 8LS, EV 74.4 MPH)
|
Bottom of the 8th over - 2 runs, 3 hits, 1 error, 2 left on base; Fresno 1 - Omaha 6 |
TOP OF THE 9TH |
Fresno Grizzlies batting - Pitching for Omaha Storm Chasers : LHP Walter Whiteman
|
Batting: LHB Vinny Siebecker
|
0-0: Ball 1-0: Ground out U3 (Groundball, 3, EV 85.6 MPH)
|
Batting: LHB Bob Myers
|
0-0: Called Strike 0-1: SINGLE (Line Drive, 7S, EV 108.1 MPH)
|
Batting: LHB Chris Cabrera
|
0-0: Ball 1-0: Called Strike 1-1: Ball 2-1: Ball 3-1: Called Strike 3-2: Foul Ball, location: 2F 3-2: Base on Balls Bob Myers to second
|
Batting: LHB Mike Davis
|
0-0: Ball 1-0: Swinging Strike 1-1: Swinging Strike 1-2: Fly out, F9 (Flyball, 9LD, EV 97.5 MPH) Runner from 2nd tags up, SAFE at 3rd, no throw by RF
|
Batting: SHB Nate Kopchak
|
0-0: Fielders Choice at 2nd, 5-4 (Groundball, 56, EV 81.9 MPH)
|
Top of the 9th over - 0 runs, 1 hit, 0 errors, 2 left on base; Fresno 1 - Omaha 6 |
|